[Event "Chess Stars Match"]
[Site "Teatro Capri, Paterna, Spain"]
[Date "2019.12.15"]
[Round "10.4"]
[White "Semenova, Elena"]
[Black "Randazzo, Adrian"]
[Result "1-0"]
[TimeControl "7m+3s"]
[WhiteTitle "WIM"]
[BlackTitle "FM"]
[WhiteFideId "24125148"]
[BlackFideId "114251"]
[WhiteElo "2290"]
[BlackElo "2230"]

1. e4 c5 2. Nf3 d6 3. d4 cxd4 4. Qxd4 a6 5. c4 Nc6 6. Qe3 g6 7.
Be2 Bg7 8. O-O Nf6 9. h3 O-O 10. Rd1 Nd7 11. Nc3 Qb6 12. Qd2 Nde5 13. Nxe5 Bxe5 14. Nd5 Qd8 15. Rb1 Nd4 16. Bf1 Be6 17.
b3 Bg7 18. Bb2 Nc6 19. f4 Bxb2 20. Rxb2 Bxd5 21.
exd5 Nb8 22. f5 Nd7 23.
Bd3 Ne5 24. Be4 Qb6+ 25. Kh1 Rac8 26. Rf1 Kg7 27. Qc3 f6 28. Rbf2 Qc5 29. Qd2 b5 30.
cxb5 axb5 31. Qf4 g5 32. Qg3 Qc3 33. Qxc3 Rxc3 34. Rc2 Rfc8 35. Rfc1 b4 36. Kg1 h5 37. Kf2 g4 38. h4 g3+ 39.
Ke2 Nd7 40. Rxc3 bxc3 41. Bf3 Nb6 42. Kd3 Nd7 43. Be2 Ne5+ 44. Kd4 c2 45. Bd3 Nxd3 46. Kxd3 Rc5 47. Kd4 Kf8 48. b4 Rc7 49. a4 Ke8 50. Kd3 Rb7 51. Kc3 Ra7 52. a5 Kd7 53.
Rxc2 Ra8 54. Kd4 Rg8 55. Re2 Rb8 56.
Kc4 Rc8+ 57. Kb5 Rc1 58. a6 Rd1 59.
a7 Ra1 60. Kb6 1-0

[Event "Chess Stars Match"]
[Site "Teatro Capri, Paterna, Spain"]
[Date "2019.12.15"]
[Round "10.5"]
[White "Llobell Cortell, Enrique"]
[Black "Povshednyi, Ivan"]
[Result "1-0"]
[TimeControl "7m+3s"]
[WhiteTitle "IM"]
[WhiteFideId "2216116"]
[BlackFideId "14190907"]
[WhiteElo "2401"]
[BlackElo "1795"]

1. e4 c5 2. Nc3 e6 3. Nf3 d6 4.
d4 cxd4 5. Nxd4 Nf6 6. Be3 a6 7. Qd2 Be7 8. f3 Qc7 9.
O-O-O Nbd7 10. g4 Ne5 11. g5 Nfd7 12. f4 Nc4 13. Bxc4 Qxc4 14. f5 Ne5 15. Rhf1 Bd7 16. Kb1 O-O-O 17. f6 Bf8 18. Nb3 Qc7 19. Bf4 Bc6 20. Bxe5 dxe5 21. Qxd8+ Qxd8 22. Rxd8+ Kxd8 23. fxg7 Bxg7 24. Rxf7 Rg8 25. Nc5 Ke8 26. Rc7 Bf8 27. Nxe6 Bd7 28. Nxf8 Rxf8 29. b4 Rf1+ 30. Kb2 Rf2 31. Nd5 Kd8 32. Rxb7 Rxh2 33.
Rb8+ Bc8 34. Nb6 Kc7 35. Rxc8+ Kxb6 36. Re8 Rh5 37.
Rxe5 Kb7 38. a4 Kb6 39. a5+ Kb7 40. Kb3 Kc7 41. Kc4 Kc6 42. Re6+ Kb7 43. Re7+ Kc6 44. Rg7 Rh4 45. Kd4 Kb5 46. Rb7+ Ka4 47. c3 Rh5 48.
Rg7 Kb3 49. e5 Rh4+ 50. Kd5 Kxc3 51. e6 Rd4+ 52. Kc5 Re4 53. Kd6 Kxb4 54. Rxh7 Kxa5 55. g6 Rg4 56. g7 Rg6 57. Kd7 Kb4 58. e7 Rg1 59. e8=Q Rd1+ 60.
Kc6 Rc1+ 61. Kd5 1-0